 Dungeon Crawl Stone Soup version 0.29-a0-43-g62a80824bf (webtiles) character file.

Game seed: 16760674248692097903

1603 jfcaron the Skirmisher (level 8, -10/53 HPs)
             Began as a Gargoyle Cinder Acolyte on Feb 3, 2022.
             Was an Elder of Ignis.
             Mangled by an ogre (21 damage)
             ... on level 6 of the Dungeon.
             The game lasted 00:12:57 (7502 turns).

jfcaron the Skirmisher (Gargoyle Cinder Acolyte)    Turns: 7502, Time: 00:12:58

Health: -10/53     AC: 18    Str: 19    XL:     8   Next: 94%
Magic:  9/9        EV:  3    Int: 22    God:    Ignis [****..]
Gold:   273        SH: 10    Dex:  5    Spells: 7/9 levels left

rFire   + . .      SeeInvis .   a - +0 mace (flame)
rCold   . . .      Faith    .   A - +0 tower shield
rNeg    + . .      Spirit   .   l - +0 chain mail
rPois   ∞          Reflect  .   (no helmet)
rElec   +          Harm     .   (no cloak)
rCorr   .          Rampage  .   r - +1 pair of gloves
Will    .....                   (no boots)
Stlth   ..........              (no amulet)
HPRegen 0.17/turn               o - +6 ring of intelligence
MPRegen 0.11/turn               (no ring)

@: no status effects
A: sickness immunity, AC +5, negative energy resistance 1, electricity
resistance, torment resistance 1, petrification resistance
a: Renounce Religion, Fiery Armour, Foxfire Swarm, Rising Flame


You were on level 6 of the Dungeon.
You worshipped Ignis.
Ignis was greatly pleased with you.
You visited 2 branches of the dungeon, and saw 7 of its levels.

You collected 273 gold pieces.

Inventory:

Hand Weapons
 a - a +0 mace of flaming (weapon)
 v - a +0 whip
 B - a +0 flail
Missiles
 c - 224 stones (quivered)
 g - 5 javelins
Armour
 l - a +0 chain mail (worn)
 r - a +1 pair of gloves (worn)
 A - a +0 tower shield (worn)
Jewellery
 o - a +6 ring of intelligence (left hand)
Wands
 e - a wand of polymorph (8)
 y - a wand of iceblast (9)
Scrolls
 d - 2 scrolls of immolation
 f - 2 scrolls of vulnerability
 i - a scroll of amnesia {unknown}
 j - a scroll of enchant weapon
 k - 2 scrolls of identify
 m - 4 scrolls of teleportation
 p - a scroll of noise {unknown}
 q - a scroll of magic mapping {unknown}
 t - a scroll of holy word {unknown}
 x - a scroll of enchant armour {unknown}
 C - a scroll of silence {unknown}
Potions
 b - a potion of attraction
 h - a potion of cancellation
 n - a potion of invisibility
 s - 3 potions of curing
 u - 2 potions of heal wounds {unknown}
 w - a potion of flight
 z - a potion of haste


   Skills:
 + Level 7.3 Fighting
 + Level 6.6 Maces & Flails
 + Level 6.3 Armour
 + Level 3.7 Shields
 - Level 1.0 Spellcasting
 - Level 3.0 Fire Magic


You had 7 spell levels left.
You knew the following spells:

 Your Spells              Type           Power      Damage    Failure   Level
a - Scorch                Fire           28%        2d6       100%        2

Your spell library contained the following spells:

 Spells                   Type           Power      Damage    Failure   Level
 Foxfire                  Conj/Fire      28%        2x1d5     100%        1
 Pain                     Necr           4%         1d4       100%        1
 Sandblast                Erth           2%         2d4       100%        1
 Shock                    Conj/Air       4%         1d3       100%        1
 Corpse Rot               Necr/Air       2%         N/A       100%        2
 Passwall                 Tmut/Erth      0%         N/A       100%        2
 Poisonous Vapours        Pois/Air       2%         N/A       100%        2
 Conjure Flame            Conj/Fire      7%         6-21      100%        3
 Inner Flame              Hex/Fire       7%         N/A       100%        3
 Stone Arrow              Conj/Erth      2%         3d7       100%        3
 Swiftness                Air            1%         N/A       100%        3
 Airstrike                Air            0%         N/A       100%        4
 Animate Armour           Summ/Erth      2%         N/A       100%        4
 Cause Fear               Hex            0%         N/A       100%        4
 Flame Wave               Conj/Fire      7%         2d5       100%        4
 Agony                    Necr           1%         N/A       100%        5
 Blade Hands              Tmut           0%         N/A       100%        5
 Excruciating Wounds      Necr           0%         N/A       100%        5
 Iron Shot                Conj/Erth      0%         9d1       100%        6
 Discord                  Hex            0%         N/A       100%        8


Dungeon Overview and Level Annotations

Branches:
Dungeon (6/15)             Temple (1/1) D:5

Altars:
Ru
Trog
Vehumet
Beogh

Shops:
D:2 [

Annotations:
D:5 2 runed translucent doors, Pikel


Innate Abilities, Weirdness & Mutations

You are immune to sickness and miasma.
Your stone body is resilient. (AC +5)
You are immune to poison.
You resist negative energy. (rN+)
You are resistant to electric shocks. (rElec)
You are resistant to unholy torment.
You are immune to petrification.


Message History

You throw a stone.
The stone hits the ogre but does no damage.
The ogre is lightly wounded.
You throw a stone.
The stone hits the ogre but does no damage.
The ogre is lightly wounded.
The ogre hits you but does no damage.
You hit the ogre but do no damage.
The ogre is lightly wounded.
You block the ogre's attack.
You hit the ogre. You burn the ogre.
The ogre is lightly wounded.
The ogre hits you but does no damage.
You sock the ogre! You burn the ogre.
The ogre is heavily wounded.
The ogre hits you but does no damage.
You barely miss the ogre.
The ogre is heavily wounded.
The ogre hits you with a +0 giant spiked club.
You barely miss the ogre.
The ogre is heavily wounded.
The ogre hits you with a +0 giant spiked club.
You closely miss the ogre.
The ogre is heavily wounded.
The ogre hits you with a +0 giant spiked club.
You hit the ogre. You burn the ogre.
The ogre is severely wounded.
The ogre hits you with a +0 giant spiked club!!
You are too injured to fight recklessly!
You hit the ogre. You burn the ogre.
The ogre is almost dead.
You block the ogre's attack.
You hit the ogre. You burn the ogre.
The ogre is almost dead.
The ogre hits you with a +0 giant spiked club. x2
* * * LOW HITPOINT WARNING * * *
You hit the ogre but do no damage.
The ogre is almost dead.
The ogre hits you with a +0 giant spiked club!!
You die...

#..### ... .....# ... <..#.#
#(# #.##.# .(# #.##.# #.#
#.##.# #### #(# #.##.# #..#
#O####.##.###### #..#
#@.............# #.[#
#.....#......#.# #..#
#..###.##.##.#.# #..# #....#
####.##.#.# #..# #.##.#
##.##.#.# #..#
#.##.#####..##.#.# #..#
#.#............#.#
####.#######.#..##....#.###.#
#.........##.#..##.##..## #.#


You could see an ogre.

Vanquished Creatures
  Sigmund (D:2)
  Menkaure (D:5)
  An ice beast (D:5)
  A black bear (D:4)
  A necrophage (D:5)
  A sky beast (D:5)
  An ogre (D:4)
  2 phantoms (D:4)
  A bullfrog (D:4)
  A water moccasin zombie (D:5)
  A wyvern skeleton (D:6)
  A water moccasin skeleton (D:5)
  A centaur zombie (D:6)
  2 bullfrog zombies
  A hound (D:5)
  2 orc priests
  A jelly (D:5)
  An iguana (D:5)
  3 orc wizards (D:5)
  9 adders
  2 worms (D:3)
  5 dart slugs
  10 orcs
  4 bats
  5 endoplasms
  16 giant cockroaches
  8 goblins
  5 hobgoblins
  4 quokkas
  5 ball pythons
  8 frilled lizards
  8 kobolds
  8 rats
  15 foxfires (D:2)
  2 plants (D:5)
138 creatures vanquished.

Notes
Turn   | Place    | Note
-------+----------+-------------------------------------------
     0 | D:1      | jfcaron the Gargoyle Cinder Acolyte began the quest for the
                  | Orb.
     0 | D:1      | Reached XP level 1. HP: 14/14 MP: 2/2
   208 | D:1      | Reached XP level 2. HP: 19/19 MP: 3/3
   293 | D:1      | Reached skill level 1 in Armour
   695 | D:1      | Reached XP level 3. HP: 22/24 MP: 4/4
  1581 | D:1      | Found a faded altar of an unknown god.
  1650 | D:2      | Noticed Sigmund
  1650 | D:2      | Found a radiant altar of Vehumet.
  1652 | D:2      | Killed Sigmund
  1653 | D:2      | Reached skill level 4 in Fighting
  1653 | D:2      | Reached XP level 4. HP: 19/30 MP: 5/5
  1653 | D:2      | Reached XP level 5. HP: 22/34 MP: 6/6
  2156 | D:2      | Learned a level 2 spell: Scorch
  2263 | D:2      | Reached XP level 6. HP: 20/40 MP: 7/7
  2546 | D:2      | Found Visteer's Armour Shop.
  3044 | D:3      | Reached skill level 5 in Fighting
  4099 | D:4      | Reached skill level 5 in Maces & Flails
  4099 | D:4      | Reached XP level 7. HP: 18/44 MP: 8/8
  4524 | D:4      | HP: 5/45 [phantom (7)]
  4528 | D:4      | Reached skill level 6 in Fighting
  5104 | D:4      | Found a sacrificial altar of Ru.
  5169 | D:5      | Entered Level 5 of the Dungeon
  5357 | D:5      | Reached skill level 5 in Armour
  5357 | D:5      | Reached skill level 1 in Shields
  5461 | D:5      | Reached XP level 8. HP: 29/52 MP: 9/9
  5817 | D:5      | Noticed Menkaure
  5822 | D:5      | Killed Menkaure
  6142 | D:5      | Found a staircase to the Ecumenical Temple.
  6379 | D:5      | Reached skill level 7 in Fighting
  6514 | Temple   | Entered the Ecumenical Temple
  6988 | D:5      | Found a runed translucent door.
  6990 | D:5      | Found a runed translucent door.
  6990 | D:5      | Noticed Pikel
  7502 | D:6      | Mangled by an ogre

Illustrated notes

Levels and vault maps discovered:
D:1:      psy_arrival_radial01, layout_basic,
          hellmonk_ecumenical_altar_defaced_shrine
D:2:      layout_rooms, basic_altar, serial_shops, shop, minmay_tetromino_t2,
          uniq_sigmund
D:3:      minmay_roachtagon, layout_basic, minmay_fountain_box,
          lemuel_old_faithful
D:4:      layout_loops_ring, nicolae_ru_the_path_less_chosen, minmay_pentangle
D:5:      lemuel_insect_pit, layout_loops_corners,
          minmay_temple_entry_overgrown, kennysheep_generic_room_14, uniq_pikel,
          uniq_menkaure
D:6:      minmay_chambers_of_fours, layout_loops_ring, slow_altar_2,
          serial_shops, shop
Temple:   eino_wide_crystal_templ

Skill      XL: |  1  2  3  4  5  6  7  8 |
---------------+-------------------------+-----
Armour         | 1 3 4 5 6 |  6.3
Fighting       | 4 5 6 7 |  7.3
Maces & Flails | 4 5 6 |  6.6
Shields        | 1 3 |  3.7
Spellcasting   | |  1.0
Fire Magic     | |  3.0

Action                   |  1- 3 |  4- 6 |  7- 9 || total
-------------------------+-------+-------+-------++-------
Melee: Mace              |   106 |   209 |   223 ||   538
       Punch             |     1 |       |       ||     1
Throw: Stone             |    94 |   106 |    43 ||   243
Invok: Foxfire Swarm     |     1 |       |       ||     1
       Fiery Armour      |       |     1 |     2 ||     3
  Use: Scroll            |       |       |     9 ||     9
       Potion            |       |       |     1 ||     1
Armor: Robe              |    43 |    19 |       ||    62
       Chain mail        |       |   142 |   204 ||   346
Dodge: Dodged            |    75 |    81 |    36 ||   192
Block: Tower shield      |       |       |    89 ||    89

Table legend: (Time is in decaauts)
 A = Elapsed time spent in this place.
 B = Non-inter-level travel time spent in this place.
 C = Inter-level travel time spent in this place.
 D = Time resting spent in this place.
 E = Time spent auto-exploring this place.
 F = Levels seen in this place.
 G = Mean time per level.
                   A        B        C        D        E       F      G
               +--------+--------+--------+--------+--------+-----+--------+
         Total |   7706 |   7457 |    249 |   1817 |   4251 |   7 | 1100.9 |
       Dungeon |   7278 |   7029 |    249 |   1420 |   4251 |   6 | 1213.0 |
        Temple |    428 |    428 |      0 |    397 |      0 |   1 |  428.0 |
               +--------+--------+--------+--------+--------+-----+--------+

Top non-repeatable levels by time:
     D:5: 1756 daAuts
     D:1: 1708 daAuts
     D:4: 1468 daAuts
     D:2: 1279 daAuts
     D:3: 821 daAuts
  Temple: 428 daAuts
     D:6: 244 daAuts
